 Dungeon Crawl Stone Soup version 0.29.1-12-g30fa7ad0bf (webtiles) character file.

Game seed: 16121499300030371594

268 Sanktem7 the Trooper (level 6, -6/54 (57) HPs)
             Began as a Minotaur Fighter on Dec 26, 2022.
             Mangled by a wight
             ... wielding a +2 great sword
              (7 damage)
             ... on level 3 of the Dungeon.
             The game lasted 00:03:16 (2234 turns).

Sanktem7 the Trooper (Minotaur Fighter)             Turns: 2234, Time: 00:03:16

HP:   -6/54 (57)    AC:  9    Str: 22    XL:     6   Next: 0%
MP:   5/5           EV:  7    Int:  5    God:
Gold: 113           SH:  4    Dex: 10    Spells: 5/5 levels left

rFire   + . .      SeeInvis .   a - +0 flail {mace}
rCold   . . .      Faith    .   c - +0 buckler
rNeg    . . .      Spirit   .   p - +0 chain mail
rPois   .          Reflect  .   (helmet restricted)
rElec   .          Harm     .   (no cloak)
rCorr   .          Rampage  .   (no gloves)
Will    .....                   (no boots)
Stlth   ..........              (no amulet)
HPRegen 0.18/turn               m - ring of protection from fire
MPRegen 0.09/turn               (no ring)

@: drained
A: horns 2, retaliatory headbutt
a: no special abilities


You were on level 3 of the Dungeon.
You visited 1 branch of the dungeon, and saw 3 of its levels.

You collected 113 gold pieces.


Innate Abilities, Weirdness & Mutations

You have a pair of horns on your head.
You reflexively headbutt those who attack you in melee.


   Skills:
 * Level 5.8 Fighting
 * Level 5.0 Maces & Flails
 + Level 0.3 Throwing
 + Level 4.8 Armour
 - Level 3.6 Shields


You had 5 spell levels left.
You didn't know any spells.
Your spell library was empty.

Inventory:

Hand Weapons
 a - a +0 flail (weapon) {mace}
Missiles
 e - 26 stones (quivered) {throwing}
 f - 4 boomerangs {throwing}
 n - 2 atropa-tipped darts {throwing}
Armour
 c - a +0 buckler (worn)
 p - a +0 chain mail (worn)
   (You found it on level 3 of the Dungeon)
Jewellery
 m - a ring of protection from fire (left hand)
   (You found it on level 2 of the Dungeon)
Scrolls
 b - a scroll of teleportation {unknown}
 g - a scroll of butterflies
 h - a scroll of amnesia
 o - a scroll of summoning {unknown}
Potions
 d - 3 potions of might
 i - 4 potions of curing {@q1}
 j - 2 potions of attraction {unknown}
 k - a potion of cancellation {unknown}
 l - a potion of haste {unknown}

Dungeon Overview and Level Annotations

Branches:
Dungeon (3/15) Zot: 15739

Altars:

Annotations:
D:3 3 runed translucent doors, KittyFluff's ghost, amateur GrBe

######## ######
#......# #....#
#......# #....#
#......# #....#######
#......###....##.....
#...zz........##.....
#..z@................
#.#####....#####.)...
........#
#.......##.....
.......z#
#...#..........
......z##
#...###........
....... ##..#
##....... .......
#..# ##...... .......
...# ##..... ......#
#...# #.....


You could see 3 wights.


Message History

No target in view!
No target in view!
No target in view!
No target in view!
No target in view!
No target in view!
No target in view!
No target in view!
No target in view!
No target in view!
No target in view!
No target in view!
No target in view!
You now have 113 gold pieces (gained 9).
Things that are here:
a +0 club {mace}; a +0 sling
l - a coppery potion
Found an escape hatch in the floor.
You see here a +0 short sword {short}.
You see here a +0 short sword {short}.
Found a stone staircase leading up.
You see here a +0 chain mail.
A kobold comes into view. It is wielding a +0 dagger.
The kobold shouts!
You barely miss the kobold. You block the kobold's attack.
You barely miss the kobold. You block the kobold's attack.
You barely miss the kobold.
The kobold hits you but does no damage. x2
You closely miss the kobold. The kobold hits you but does no damage.
You hit the kobold.
You kill the kobold!
You have reached level 6! 😎 HP[+7] MP[+1]
You now have 57 max hp (+7).
Your hp is fully restored (57).
Your mp is fully restored (5).
You see here a +0 chain mail.
p - a +0 chain mail You start removing your armour.
You continue taking off your +0 scale mail. x4
You finish taking off your +0 scale mail.
You start putting on your armour.
You continue putting on your +0 chain mail. x5
You finish putting on your +0 chain mail.
You drop a +0 scale mail.
e - 26 stones {throwing} (gained 1)
Things that are here:
a +0 dagger {short}; a kobold corpse
Found an escape hatch in the ceiling.
There is an escape hatch in the ceiling here.
i - 4 potions of curing {@q1} (gained 1)
b - a scroll labelled ISAOMP WOLIUW NESCH
There is an escape hatch in the ceiling here.
A bat comes into view.
A bat is nearby!
A bat is nearby!
The bat barely misses you. You furiously retaliate!
You headbutt the bat, but do no damage. You barely miss the bat.
Your headbutt misses the bat. The bat barely misses you.
The bat hits you but does no damage.
You closely miss the bat. The bat barely misses you.
You barely miss the bat. The bat barely misses you. You furiously retaliate!
You headbutt the bat.
You kill the bat!
No target in view!
No target in view!
No target in view!
No target in view!
No target in view!
No target in view!
No target in view!
No target in view!
No target in view! 3 wights come into view.
There are monsters nearby!
The wight hits you from afar with a +0 halberd!
You feel drained. 😮 HP[-16]
You now have 55 max hp (-2).
You take 16 damage, and now have 41/55 hp.
MASSIVE DAMAGE!! (PAUSE) 😕 HP[+1]
The wight barely misses you.
You closely miss the wight. The wight hits you with a +0 halberd!
You feel drained. 😮 HP[-8]
You now have 54 max hp (-1).
You take 8 damage, and now have 34/54 hp.
You hit the wight. You headbutt the wight! The wight closely misses you.
The wight hits you with a +0 halberd!
* * * LOW HITPOINT WARNING * * *
The wight barely misses you.
The wight hits you with a +2 great sword!
* * * LOW HITPOINT WARNING * * *
😱 HP[-24]
You take 24 damage, and now have 10/54 hp.
MASSIVE DAMAGE!! (PAUSE)
You barely miss the wight. You headbutt the wight.
The wight hits you with a +0 halberd!
* * * LOW HITPOINT WARNING * * *
The wight hits you with a +2 great sword!
You die...

Skill      XL: |  1  2  3  4  5 |
---------------+----------------+-----
Fighting       | 5 |  5.8
Maces & Flails | 4 5 |  5.0
Armour         | 4 |  4.8
Throwing       | |  0.3
Shields        | |  3.6

Action                   |  1- 3 |  4- 6 || total
-------------------------+-------+-------++-------
Melee: Flail             |    27 |    95 ||   122
       Headbutt          |     1 |    12 ||    13
  Use: Scroll            |       |     2 ||     2
Armor: Scale mail        |    13 |    59 ||    72
       Chain mail        |       |     1 ||     1
Dodge: Dodged            |    17 |    41 ||    58
Block: Buckler           |     2 |    31 ||    33

Levels and vault maps discovered:
D:1:      heliophobic_arrival_dark_side_of_the_moon, layout_rooms,
          kennysheep_pointless_box
D:2:      layout_loops_ring, hellmonk_ecumenical_altar_slurped_away,
          minmay_misc_feat_iff, nicolae_titane, uniq_robin, uniq_sigmund
D:3:      layout_rooms, ebering_ghost_rock_garden

Notes
Turn   | Place    | Note
-------+----------+-------------------------------------------
     0 | D:1      | Sanktem7 the Minotaur Fighter began the quest for the Orb.
     0 | D:1      | Reached XP level 1. HP: 19/19 MP: 0/0
     0 | D:1      | magus.rc [v1.9.6]
   413 | D:1      | Reached XP level 2. HP: 27/27 MP: 1/1
   649 | D:2      | Reached skill level 4 in Fighting
   730 | D:2      | Found a faded altar of an unknown god.
   734 | D:2      | Noticed Sigmund
   748 | D:2      | Killed Sigmund
   749 | D:2      | Reached skill level 5 in Fighting
   749 | D:2      | Reached skill level 4 in Maces & Flails
   749 | D:2      | Reached skill level 4 in Armour
   749 | D:2      | Reached XP level 3. HP: 23/36 MP: 2/2
   749 | D:2      | Reached XP level 4. HP: 27/42 MP: 3/3
   749 | D:2      | Reached XP level 5. HP: 31/48 MP: 4/4
  1200 | D:2      | Noticed Robin
  1216 | D:2      | Killed Robin
  1222 | D:2      | HP: 9/50 [goblin/+0 club[Robin] (4)]
  1851 | D:3      | Reached skill level 5 in Maces & Flails
  1921 | D:3      | Found a runed translucent gate.
  1921 | D:3      | Found a runed translucent gate.
  1921 | D:3      | Found a runed translucent gate.
  1923 | D:3      | Noticed KittyFluff's ghost (amateur GrBe)
  2077 | D:3      | Reached XP level 6. HP: 57/57 MP: 5/5
  2233 | D:3      | HP: 10/54 [wight/+2 great sword (17)]
  2234 | D:3      | HP: 1/54 [wight/+0 halberd (9)]
  2234 | D:3      | Mangled by a wight

Vanquished Creatures
  Sigmund (D:2)
  A jelly (D:3)
  Robin (D:2)
  An adder (D:2)
  A worm (D:2)
  2 ball pythons
  5 endoplasms (D:2)
  A giant cockroach (D:2)
  4 hobgoblins
  7 kobolds
  4 quokkas
  5 bats
  2 frilled lizards
  14 goblins
  3 rats
52 creatures vanquished.

Table legend:
 A = Non-vault XP
 B = Vault XP
 C = Vault XP percentage of total XP
 D = Non-vault monster count
 E = Vault monster count
 F = Vault count percentage of total count
                 A         B        C        D         E       F
            +---------+---------+-------+---------+---------+-------
      Total |     123 |     260 |  67.9 |      39 |      13 |  25.0
            +---------+---------+-------+---------+---------+-------
        D:1 |      13 |       0 |   0.0 |       9 |       0 |   0.0
        D:2 |      55 |     260 |  82.5 |      23 |      13 |  36.1
        D:3 |      55 |       0 |   0.0 |       7 |       0 |   0.0
            +---------+---------+-------+---------+---------+-------

Illustrated notes

Table legend:
 A = Kills in this place as a percentage of kills in entire the game.
 B = Kills by you in this place as a percentage of kills by you in the entire game.
 C = Kills by friends in this place as a percentage of kills by friends in the entire game.
 D = Other kills in this place as a percentage of other kills in the entire game.
 E = Experience gained in this place as a percentage of experience gained in the entire game.
 F = Experience gained in this place divided by the number of levels of this place that you have seen.
                   A       B       C       D       E      F
               +-------+-------+-------+-------+-------+----------------------
         Total | 100.0 | 100.0 |   N/A |   N/A | 100.0 | 127.7
       Dungeon | 100.0 | 100.0 |   N/A |   N/A | 100.0 | 127.7
               +-------+-------+-------+-------+-------+----------------------

Table legend: (Time is in decaauts)
 A = Elapsed time spent in this place.
 B = Non-inter-level travel time spent in this place.
 C = Inter-level travel time spent in this place.
 D = Time resting spent in this place.
 E = Time spent auto-exploring this place.
 F = Levels seen in this place.
 G = Mean time per level.
                   A        B        C        D        E       F      G
               +--------+--------+--------+--------+--------+-----+--------+
         Total |   2259 |   2199 |     60 |      0 |   1857 |   3 |  753.0 |
       Dungeon |   2259 |   2199 |     60 |      0 |   1857 |   3 |  753.0 |
               +--------+--------+--------+--------+--------+-----+--------+

Top non-repeatable levels by time:
     D:2: 1233 daAuts
     D:1: 633 daAuts
     D:3: 392 daAuts
